 Dungeon Crawl Stone Soup version 0.17-a0-1515-gfae3d72 (webtiles) character file.

8 matakusis the Ruffian (level 2, 0/23 HPs)
             Began as a Draconian Transmuter on July 12, 2015.
             Slain by a giant newt (1 damage)
             ... on level 1 of the Dungeon.
             The game lasted 00:04:41 (353 turns).

matakusis the Ruffian (Draconian Transmuter)         Turns: 353, Time: 00:04:41

Health: 0/23       AC:  5    Str: 12    XL:     2   Next: 0%
Magic:  4/5        EV: 12    Int: 13    God:
Gold:   7          SH:  0    Dex: 11    Spells: 1 memorised, 4 levels left

rFire  . . .     SeeInvis .       - Unarmed
rCold  . . .     Clarity  .     (armour unavailable)
rNeg   . . .     SustAt   .     (no shield)
rPois  .         Gourm    .     (helmet restricted)
rElec  .         Spirit   .     d - +0 cloak
rCorr  .         Warding  .     (no gloves)
rMut   .         Stasis   .     (no boots)
MR     .....                    (no amulet)
Stlth  +.........               (no ring)
                                (no ring)

@: appendage (expiring), not resistant to hostile enchantments, very unstealthy
A: unfitting armour, horns 2, cold-blooded, AC +4
a: End Transformation


You were on level 1 of the Dungeon.
You were not hungry.
You had grown temporary horns.
You visited 1 branch of the dungeon, and saw 1 of its levels.

You collected 7 gold pieces.

Inventory:

Missiles
 a - 12 arrows
Armour
 d - a +0 cloak (worn)
Scrolls
 e - a scroll of amnesia {unknown}
Books
 b - a book of Changes

   Spells                             Type                      Level
   a - Beastly Appendage              Transmutation                1
   b - Sticks to Snakes               Transmutation                2
   c - Spider Form                    Transmutation/Poison         3
   d - Ice Form                       Ice/Transmutation            4
   e - Blade Hands                    Transmutation                5
Comestibles
 c - a bread ration
 f - a beef jerky


   Skills:
 + Level 1.1 Fighting
 + Level 1.9 Dodging
 + Level 0.2 Stealth
 * Level 3.3 Unarmed Combat
 + Level 2.0 Spellcasting
 * Level 2.0 Transmutations


You had 4 spell levels left.
You knew the following spells:

 Your Spells              Type           Power        Failure   Level  Hunger
a - Beastly Appendage     Trmt           #.....       12%         1    ##.....


Dungeon Overview and Level Annotations

Branches:
Dungeon (1/15)

Altars:


Innate Abilities, Weirdness & Mutations

Your plain brown scales are hard (AC +4).
Your body does not fit into most forms of armour.
You are cold-blooded and may be slowed by cold attacks.
You have a pair of horns on your head.


Message History

The bat completely misses you.
You closely miss the giant newt. Your headbutt misses the giant newt.
The bat hits you but does no damage.
The giant newt bites you but does no damage.
You closely miss the giant newt. The giant newt misses you.
The bat closely misses you.
You closely miss the giant newt.
Your transformation is almost over.
The bat barely misses you. The giant newt barely misses you.
You miss the giant newt. The bat hits you but does no damage.
The giant newt bites you.
* * * LOW HITPOINT WARNING * * *
You miss the giant newt. Your headbutt misses the giant newt.
The giant newt bites you but does no damage.
You closely miss the giant newt.
Your tail-slap misses the giant newt.
The bat closely misses you. The giant newt closely misses you.
You barely miss the giant newt. The bat misses you. The giant newt bites you.
* * * LOW HITPOINT WARNING * * *
You barely miss the giant newt. The bat misses you. The giant newt bites you.
You die...

.#.##..##
##.#.#.#.#.#..# #..#
..# #.#.#.#.#.#.#.#
.... .#
###.#.#.#.#.#..#####
.....
..#.#.#.#.#(#......
###..#.
##.#.#.#.#.#..###.#
.#.#
#.#.#.#.#.#.#####.#
# .#.##
##.#.#.#.#l#.......
#.....#
#.#b#.#.#b#)#####.#
#..#..#
##@#.#.#.#.#....#.#
###..#..#
#.#l#.#g#.#.#...#..
.....#..####
##)#†#.#.#.#.......
#......<...#
#.#.#.#.#.#.#......
.....#..##.#
###.######.......##
#.##.#..##. #.#
#.......##
........##. #####.#
#####....b
.......###. #.....#
##....
.###...###.##.###.#
#...#


You could see a bat and a giant newt.

Vanquished Creatures
  A goblin (D:1)
  A hobgoblin (D:1)
  A kobold (D:1)
  3 bats (D:1)
  3 rats (D:1)
9 creatures vanquished.

Notes
Turn   | Place    | Note
--------------------------------------------------------------
     0 | D:1      | matakusis the Draconian Transmuter began the quest for the Orb.
     0 | D:1      | Reached XP level 1. HP: 16/16 MP: 3/3
   343 | D:1      | Reached XP level 2. HP: 4/23 MP: 3/5
   352 | D:1      | HP: 1/23 [giant newt (3)]
   353 | D:1      | Slain by a giant newt

Vault maps used:
D:1:      dpeg_arrival_water_altar, minivault_23, minmay_misc_feat_rows,
          minivault_4, grunt_decor_arrowhead,
          hangedman_abyss_or_decor_lesser_grid, minmay_misc_feat_square,
          st_stairs_3, hangedman_decor_growths

Action                   || total
-------------------------++-------
Melee: Unarmed           ||    54
 Cast: Beastly Appendage ||     3
